 Dungeon Crawl Stone Soup version 0.18-a0-1123-gbd92598 (webtiles) character file.

105918 MrRokkomies the Nimble (level 16, -3/116 HPs)
             Began as an Octopode Assassin on Jan 19, 2016.
             Was an Initiate of Gozag.
             Killed from afar by a fire giant (21 damage)
             ... with a fireball
             ... on level 15 of the Dungeon.
             The game lasted 01:51:03 (33470 turns).

MrRokkomies the Nimble (Octopode Assassin)         Turns: 33470, Time: 01:51:05

Health: -3/116     AC:  5    Str: 13    XL:     16   Next: 42%
Magic:  21/21      EV: 26    Int: 18    God:    Gozag
Gold:   4139       SH: 19    Dex: 15    Spells: 5 memorised, 4 levels left

rFire  + . .     SeeInvis .     a - +7 rapier of Untruth {venom, Dex+2}
rCold  + + .     Gourm    .     P - +3 shield of Death Resistance {Slay+4}
rNeg   . . .     Faith    .     Q - +2 hat
rPois  +         Spirit   .     i - +4 amulet of reflection
rElec  .         Dismiss  .     K - ring of poison resistance
rCorr  .         Reflect  +     O - ring of protection from fire
SustAt .         Harm     .     N - +5 ring of evasion (curse)
MR     +....                    y - ring of protection from cold
Stlth  +++++++...               G - ring of protection from cold
                                S - ring of stealth
                                V - ring of stealth
                                Z - +2 ring of protection

@: somewhat resistant to hostile enchantments, extremely stealthy
A: almost no armour, amphibious, 8 rings, constrict 8, camouflage 1, gelatinous
body 1
a: Potion Petition, Call Merchant, Bribe Branch, Renounce Religion


You were on level 15 of the Dungeon.
You worshipped Gozag.
Gozag was noncommittal.
You were very hungry.

You visited 4 branches of the dungeon, and saw 26 of its levels.
You also visited: Labyrinth, Ossuary and Ice Cave.

You collected 9572 gold pieces.
You spent 3224 gold pieces at shops.
You paid 2209 gold pieces to Gozag.

Inventory:

Hand Weapons
 a - the +7 rapier of Untruth (weapon) {venom, Dex+2}
   (You bought it in a shop on level 15 of the Dungeon)

   It poisons the flesh of those it strikes.
   It affects your dexterity (+2).
 b - a +1 blowgun
Missiles
 c - 87 poisoned needles
 e - 7 curare-tipped needles
 w - 8 javelins (quivered)
 U - 4 javelins of penetration
Armour
 P - the +3 shield of Death Resistance (worn) {Slay+4}
   (You found it on level 2 of the Lair of Beasts)

   It affects your accuracy and damage with ranged weapons and melee attacks
   (+4).
 Q - a +2 hat (worn)
Rods
 R - a +1 rod of inaccuracy (13/13)
   (You bought it in a shop on level 15 of the Dungeon)
 Y - a +4 rod of shadows (12/12)
   (You took it off a minotaur in a labyrinth)
Jewellery
 i - a +4 amulet of reflection (around mantle)
 y - a ring of protection from cold (on tentacle)
 G - a ring of protection from cold (on tentacle)
 K - a ring of poison resistance (left tentacle)
 N - a cursed +5 ring of evasion (on tentacle)
 O - a ring of protection from fire (right tentacle)
 S - a ring of stealth (on tentacle)
 V - a ring of stealth (on tentacle)
 Z - a +2 ring of protection (on tentacle)
Wands
 o - a wand of enslavement (2/24)
 q - a wand of fireball (7/15)
 v - a wand of lightning (0/15)
 A - a wand of disintegration (14/24)
 H - a wand of heal wounds (4/9)
 L - a wand of draining (4/15)
Scrolls
 h - 7 scrolls of remove curse
 j - 2 scrolls of immolation
 r - 4 scrolls of teleportation
 E - 2 scrolls of amnesia
 I - 4 scrolls of magic mapping
 M - a scroll of recharging
 X - 3 scrolls of identify
Potions
 f - 3 potions of curing
 g - 8 potions of brilliance
 k - 3 potions of agility
 l - 8 potions of flight
 n - 4 potions of ambrosia
 p - 4 potions of might
 x - a potion of haste
 z - a potion of magic {unknown}
 C - 5 potions of cancellation
 D - 2 potions of berserk rage
Books
 J - a book of the Dragon

   Spells                             Type                      Level
   a - Flame Tongue                   Conjuration/Fire             1
   b - Cause Fear                     Hexes                        4
   c - Bolt of Fire                   Conjuration/Fire             6
   d - Dragon Form                    Transmutation                7
   e - Dragon's Call                  Summoning                    9
Miscellaneous
 s - a phial of floods
 B - a fan of gales
 F - a sack of spiders {used: 2}
Comestibles
 d - a beef jerky
 m - 8 fruits
 t - 8 bread rations
 u - 3 meat rations


   Skills:
 * Level 12.5 Fighting
 - Level 11.2 Short Blades
 - Level 5.5 Throwing
 - Level 14.0 Dodging
 - Level 6.6 Stealth
 - Level 13.2 Shields
 - Level 7.2 Hexes
 * Level 8.5 Charms
 - Level 7.0 Evocations


You had 4 spell levels left.
You knew the following spells:

 Your Spells              Type           Power        Failure   Level  Hunger
a - Ensorcelled Hibernat  Hex/Ice        ##....       12%         2    ###....
b - Repel Missiles        Chrm/Air       ###...       10%         2    ###....
c - Shroud of Golubria    Chrm/Tloc      ###.......   10%         2    ###....
d - Song of Slaying       Chrm           ####....     1%          2    ###....
e - Ozocubu's Armour      Chrm/Ice       ###.....     17%         3    ####...


Dungeon Overview and Level Annotations

Branches:
Dungeon (15/15)            Temple (1/1) D:5            Lair (8/8) D:10
  Swamp (0/4) Lair:6       Spider (0/4) Lair:4          Orc (2/2) D:12
    Elf (0/3) Orc:2        Vaults (0/5) D:14         Depths (0/5) D:15
  Slime: Lair:6-8

Altars:
Ashenzari
Cheibriados
Elyvilon
Fedhas
Gozag
Makhleb
Nemelex Xobeh
Okawaru
Sif Muna
Vehumet
Xom
Yredelemnul
The Shining One

Shops:
D:11 }   D:14 :   D:15 }*(*   Orc:2 :*[(

Portals:
Hell: Lair:8

Annotations:
D:10 Cojaviem's ghost, novice MiFi
D:11 Josephine
D:13 WhatIsLove's ghost, journeyman TrMo
Lair:3 exclusion: ice statue


Innate Abilities, Weirdness & Mutations

You cannot wear most types of armour.
You are amphibious.
You can wear up to eight rings at the same time.
You can use your tentacles to constrict eight enemies at once.
Your skin changes colour to match your surroundings (Stealth).
Your rubbery body absorbs attacks (AC +1).


Message History

The bolt of fire misses you. The orc priest misses you.
You puncture the fire giant!
You squeeze the fire giant, but do no damage.
The fire giant is severely wounded.
The fire giant gestures at you while chanting.
The fireball explodes!
The fireball engulfs you! You resist.
The fireball engulfs the fire giant.
The fire giant resists.
Things that are here:
24 gold pieces; a hand axe; a giant spiked club The fire giant shouts!
The fire giant casts a spell at you.
The fireball explodes!
The fireball engulfs you! You resist.
* * * LOW HITPOINT WARNING * * *
The orc priest calls down the wrath of Beogh upon you.
Something smites you!
* * * LOW HITPOINT WARNING * * *
The fire giant gestures at you while chanting.
The fireball explodes!
The fireball engulfs you! You resist.
You die...
Your body crumbles into a pile of gold.

.. ####.#.#...#........#..
#.###...###.######.. # #...............
# #.#.###.######.. # #. #.........# ##.
# .#####.\##.#.# #. # ..# ##....#.# ##
#...# #.# #.##.#.# # # #...# #@#
#..<.#.# #.. # #...# #.# #....#.# #.# #
#...# #$# #....#.# #.# # ######...####C#
#....#.# #.#
...........#o####....((####.#
####.##...##.#o.))..#..##...#.#
...#.....o.o.....[###..##...#.#
....#................)(..)..#..
#โ‰ˆยงโ‰ˆโ‰ˆ....oC#........###.#####.##.


You could see a fire giant, an orc priest and an orc.

Vanquished Creatures
  A frost giant (IceCv)
  An orc warlord (Orc:2)
  Azrael (D:14)
  A minotaur (Lab)
  An ettin (Orc:2)
  An ogre mage (D:14)
  The ghost of Herrn the Cleaver, a journeyman NaFi of Okawaru (IceCv)
  3 vault guards (D:14)
  6 hydras
  An ice dragon (shapeshifter) (D:15)
  An ice dragon (Lair:3)
  2 centaur warriors
  Urug (Lair:1)
  6 death yaks
  Sonja (D:12)
  3 orc high priests (Orc:2)
  A sun demon (Lair:8)
  3 unseen horrors (D:14)
  3 skeletal warriors (D:12)
  A wizard (Lair:8)
  9 orc knights
  5 hill giants
  A necromancer (Lair:6)
  11 ugly things (D:15)
  6 orc sorcerers
  A sixfirhy (Lair:8)
  A griffon (Lair:7)
  Maurice (D:12)
  2 manticores (D:12)
  Joseph (D:10)
  4 cyclopes
  3 black mambas
  An ice statue (IceCv)
  11 elephants
  4 gargoyles
  A torpor snail (Lair:8)
  A smoke demon (Lair:8)
  3 orange demons (Lair:8)
  12 spiny frogs
  4 komodo dragons
  6 fire drakes
  4 ice devils (Lair:8)
  2 fire drakes (shapeshifter)
  A freezing wraith (D:15)
  A red devil (Lair:8)
  17 polar bears
  A jumping spider (Lair:4)
  A two-headed ogre (Orc:1)
  3 trolls
  24 blink frogs
  8 slime creatures
  Sigmund (D:3)
  2 shadows
  A redback (Lab)
  3 vampires (D:14)
  4 wraiths
  47 yaks
  A wyvern (D:9)
  3 humans
  2 hungry ghosts (D:12)
  2 basilisks (Lair:2)
  5 vampire mosquitoes
  7 hippogriffs
  33 wolves
  A warg (Orc:1)
  A mottled dragon (D:15)
  9 hell hounds
  16 water moccasins
  10 porcupines
  43 orc warriors
  A swamp drake (Lair:6)
  2 phantoms
  A wasp (D:9)
  14 ice beasts
  2 sky beasts
  A black bear (D:5)
  2 eyes of draining
  9 ogres
  5 centaurs
  4 boggarts (D:14)
  13 crocodiles
  A big kobold (D:14)
  A gnoll sergeant (Orc:2)
  22 giant frogs
  3 water moccasin zombies (Ossuary)
  4 scorpions
  A wyvern skeleton (D:7)
  9 killer bees (D:7)
  9 wights (D:12)
  2 electric eels
  2 spriggan skeletons (Lab)
  4 crimson imps
  3 centaur zombies
  A jelly (D:5)
  A giant frog zombie (D:6)
  A quasit (D:14)
  5 hounds
  27 orc priests
  7 centaur skeletons
  3 giant frog skeletons
  30 orc wizards
  Jessica (D:3)
  18 iguanas
  Natasha (thrice) (D:2)
  3 yak simulacra (Lair:6)
  6 worker ants
  5 polar bear simulacra (Lair:6)
  2 wolf simulacra (Lair:6)
  5 big kobold zombies (Ossuary)
  16 sheep
  2 hound skeletons
  2 mummies (Ossuary)
  A worker ant zombie (D:5)
  Robin (D:3)
  10 gnolls
  6 adders
  51 river rats
  4 shadow imps
  A white imp (Lair:3)
  6 adder zombies (Ossuary)
  2 worms
  6 giant geckos
  94 orcs
  9 giant cockroaches
  5 gnoll zombies (Ossuary)
  19 goblins
  10 hobgoblins
  9 jackals
  5 quokkas
  A ball python (D:2)
  3 bats
  10 giant newts
  2 hobgoblin zombies (Ossuary)
  A jackal skeleton (D:4)
  A jackal zombie (D:8)
  16 kobolds
  8 kobold zombies (Ossuary)
  3 orc zombies (Ossuary)
  3 quokka skeletons
  14 rats
  A river rat simulacrum (Lair:6)
  A fungus (Lair:5)
  A plant (D:2)
937 creatures vanquished.

Vanquished Creatures (collateral kills)
  A skeletal warrior (D:12)
  A vampire mosquito (D:15)
  An orc (D:15)
3 creatures vanquished.

Vanquished Creatures (others)
  Nessos (Orc:2)
  3 orc warriors (Orc:2)
  2 centaurs (D:15)
  An orc wizard (Orc:2)
  A kobold (D:14)
  6 fungi
  6 plants
20 creatures vanquished.

Grand Total: 960 creatures vanquished

Notes
Turn   | Place    | Note
--------------------------------------------------------------
     0 | D:1      | MrRokkomies the Octopode Assassin began the quest for the Orb.
     0 | D:1      | Reached XP level 1. HP: 14/14 MP: 1/1
   245 | D:1      | Reached XP level 2. HP: 19/19 MP: 2/2
   352 | D:1      | Reached skill level 6 in Stealth
   352 | D:1      | Reached XP level 3. HP: 24/24 MP: 3/3
  1174 | D:2      | Reached XP level 4. HP: 29/29 MP: 4/4
  1219 | D:2      | Noticed Natasha
  1235 | D:2      | Killed Natasha
  1660 | D:2      | Noticed Natasha
  1672 | D:2      | Killed Natasha
  1672 | D:2      | Reached XP level 5. HP: 25/34 MP: 5/5
  1984 | D:2      | Noticed Natasha
  1990 | D:2      | Killed Natasha
  2708 | D:3      | Noticed Robin
  2995 | D:3      | Reached XP level 6. HP: 33/39 MP: 6/6
  3102 | D:3      | Noticed Jessica
  3106 | D:3      | Killed Robin
  3114 | D:3      | Killed Jessica
  3196 | D:3      | Noticed Sigmund
  3203 | D:3      | Killed Sigmund
  3203 | D:3      | Reached skill level 5 in Short Blades
  3203 | D:3      | Reached XP level 7. HP: 45/45 MP: 7/7
  3869 | D:4      | Found a glowing golden altar of the Shining One.
  3908 | D:4      | Reached skill level 5 in Dodging
  3976 | D:5      | Entered Level 5 of the Dungeon
  4151 | D:5      | Noticed a rust devil
  4266 | D:5      | Reached XP level 8. HP: 36/50 MP: 8/8
  4818 | D:5      | Found a staircase to the Ecumenical Temple.
  4833 | Temple   | Entered the Ecumenical Temple
  4868 | Temple   | Became a worshipper of Gozag Ym Sagoz the Greedy
  4892 | D:5      | Reached skill level 7 in Short Blades
  5318 | D:5      | Noticed an angel
  6121 | D:6      | Found a sand-covered staircase.
  6129 | Ossuary  | Entered an ossuary
  6259 | Ossuary  | Reached skill level 8 in Short Blades
  6408 | Ossuary  | Reached XP level 9. HP: 52/54 MP: 9/9
  7330 | D:7      | Reached skill level 1 in Shields
  7426 | D:7      | HP: 3/60 [killer bee (6)]
  7647 | D:7      | Reached skill level 5 in Fighting
  7698 | D:7      | Found an iron altar of Okawaru.
  7899 | D:7      | Reached XP level 10. HP: 68/68 MP: 10/10
  8007 | D:7      | Reached skill level 5 in Shields
  8996 | D:8      | Found a basalt altar of Yredelemnul.
 10323 | D:10     | Entered Level 10 of the Dungeon
 10732 | D:10     | Found a staircase to the Lair.
 10915 | D:10     | Reached skill level 5 in Throwing
 11100 | D:10     | Noticed Cojaviem's ghost (novice MiFi)
 11693 | D:10     | Noticed a hill giant
 11727 | D:10     | Killed a hill giant
 11727 | D:10     | Reached skill level 9 in Fighting
 11727 | D:10     | Reached XP level 11. HP: 35/80 MP: 11/11
 11911 | D:10     | Noticed Joseph
 11918 | D:10     | Noticed an orc knight
 11955 | D:10     | Killed Joseph
 12083 | D:11     | Bought a sack of spiders for 200 gold pieces
 12168 | D:11     | Noticed Josephine
 12197 | Lair:1   | Entered Level 1 of the Lair of Beasts
 12437 | Lair:1   | Reached skill level 1 in Evocations
 12578 | Lair:1   | Noticed Urug
 12605 | Lair:1   | Killed Urug
 13594 | Lair:2   | Got an ancient shield
 13595 | Lair:2   | Identified the +3 shield of Death Resistance {Slay+4} (You found it on level 2 of the Lair of Beasts)
 13670 | Lair:2   | Noticed a six-headed hydra
 13683 | Lair:2   | Killed a six-headed hydra
 13683 | Lair:2   | Reached skill level 5 in Evocations
 14176 | Lair:2   | Reached XP level 12. HP: 19/86 MP: 16/16
 15031 | Lair:3   | Noticed an ice dragon
 15617 | D:12     | Found a staircase to the Orcish Mines.
 16009 | D:12     | Found a shimmering altar of Xom.
 16049 | D:12     | Reached skill level 10 in Dodging
 16102 | D:12     | Noticed Maurice
 16105 | D:12     | Killed Maurice
 16900 | D:14     | Noticed a centaur warrior
 16935 | D:15     | Entered Level 15 of the Dungeon
 16935 | D:15     | Found Xuam Zesa's General Store.
 16935 | D:15     | Found Naapoo's Antique Weapon Emporium.
 16963 | D:15     | Bought an uncursed ring of protection from fire for 325 gold pieces
 16963 | D:15     | Bought a +0 hat for 52 gold pieces
 16976 | D:15     | Bought a translucent rapier for 288 gold pieces
 16976 | D:15     | Identified the +7 rapier of Untruth {venom, Dex+2} (You bought it in a shop on level 15 of the Dungeon)
 17005 | D:14     | Reached skill level 10 in Short Blades
 17187 | D:15     | Noticed a four-headed hydra
 17212 | D:15     | Killed a four-headed hydra
 17212 | D:15     | Reached skill level 11 in Dodging
 17327 | D:14     | Killed a centaur warrior
 17362 | D:14     | Reached XP level 13. HP: 18/90 MP: 18/18
 17518 | D:13     | Noticed WhatIsLove's ghost (journeyman TrMo)
 17537 | D:12     | Noticed Sonja
 17554 | D:12     | Killed Sonja
 17733 | Lair:3   | Killed an ice dragon
 18630 | Lair:4   | Found a hole to the Spider Nest.
 19001 | Lair:4   | Reached skill level 12 in Dodging
 19159 | Lair:4   | Found a frozen archway.
 19172 | IceCv    | Entered an ice cave
 20133 | IceCv    | Noticed Herrn's ghost (journeyman NaFi)
 20163 | IceCv    | Reached skill level 10 in Shields
 20206 | IceCv    | Killed Herrn's ghost
 20206 | IceCv    | Reached skill level 13 in Dodging
 20287 | IceCv    | Noticed a frost giant
 20335 | IceCv    | Killed a frost giant
 20539 | IceCv    | Reached XP level 14. HP: 53/97 MP: 19/19
 21845 | Lair:6   | Found a staircase to the Swamp.
 23613 | Lair:8   | Entered Level 8 of the Lair of Beasts
 23617 | Lair:8   | Found a labyrinth entrance.
 23663 | Lab      | Entered a labyrinth
 23764 | Lab      | Found an exit through the horrors of the Abyss.
 24185 | Lab      | Reached skill level 14 in Dodging
 24204 | Lab      | Identified the Tome of Beguiling
 24216 | Lab      | Identified the Grimoire of Augmentations (You found it in a labyrinth)
 24311 | Lair:8   | Learned a level 2 spell: Ensorcelled Hibernation
 24314 | Lair:8   | Learned a level 2 spell: Repel Missiles
 24317 | Lair:8   | Learned a level 2 spell: Shroud of Golubria
 24320 | Lair:8   | Learned a level 2 spell: Song of Slaying
 24433 | Lair:8   | Bought a meat ration for 70 gold pieces
 24433 | Lair:8   | Bought a slice of pizza for 21 gold pieces
 24433 | Lair:8   | Bought a bread ration for 70 gold pieces
 24433 | Lair:8   | Bought a bread ration for 70 gold pieces
 24433 | Lair:8   | Bought a bread ration for 70 gold pieces
 24433 | Lair:8   | Bought a bread ration for 70 gold pieces
 24433 | Lair:8   | Bought a beef jerky for 21 gold pieces
 24433 | Lair:8   | Bought a bread ration for 70 gold pieces
 24433 | Lair:8   | Bought a slice of pizza for 21 gold pieces
 24433 | Lair:8   | Bought a bread ration for 70 gold pieces
 24470 | Lair:8   | Reached skill level 1 in Hexes
 25890 | Lair:8   | Found a burning altar of Makhleb.
 25983 | Lair:8   | Reached skill level 5 in Hexes
 26261 | Lair:8   | Reached XP level 15. HP: 90/102 MP: 20/20
 26269 | Lair:8   | Found a gateway to Hell.
 27161 | Orc:1    | Entered Level 1 of the Orcish Mines
 27528 | Orc:2    | Entered Level 2 of the Orcish Mines
 27695 | Orc:2    | Noticed Nessos
 27706 | Orc:2    | Killed Nessos
 27768 | Orc:2    | Paralysed by an orc sorcerer for 6 turns
 28128 | Orc:2    | Found a staircase to the Elven Halls.
 28204 | Orc:2    | Reached skill level 1 in Charms
 28235 | Orc:2    | Identified a +4 rod of shadows (12/12) (You took it off a minotaur in a labyrinth)
 28275 | Orc:2    | Noticed an orc warlord
 28745 | Orc:2    | Killed an orc warlord
 28745 | Orc:2    | Reached skill level 10 in Fighting
 29054 | Orc:2    | Paralysed by an orc sorcerer for 2 turns
 29301 | Orc:2    | Paralysed by an orc sorcerer for 2 turns
 29492 | Orc:2    | Found Joimmu's Antique Armour Boutique.
 29494 | Orc:2    | Found Korhith's Antique Weapon Boutique.
 29496 | Orc:2    | Found Iplicrysh's General Store.
 29496 | Orc:2    | Found Waoggoxi's Book Shop.
 29511 | Orc:2    | Bought a bread ration for 55 gold pieces
 29511 | Orc:2    | Bought a beef jerky for 16 gold pieces
 29511 | Orc:2    | Bought a bread ration for 55 gold pieces
 29512 | Orc:2    | Bought a book of Frost for 350 gold pieces
 29516 | Orc:2    | Learned a level 3 spell: Ozocubu's Armour
 30558 | D:12     | Reached skill level 5 in Charms
 31440 | D:14     | Noticed Azrael
 31467 | D:14     | Killed Azrael
 31692 | D:14     | Found Moeny's Book Shoppe.
 31938 | D:14     | Reached XP level 16. HP: 52/113 MP: 21/21
 32313 | D:14     | Found a gate to the Vaults.
 32552 | D:15     | Found Kevy's Gadget Boutique.
 32570 | D:15     | Bought a +1 rod of inaccuracy (13/13) for 1330 gold pieces
 32671 | D:15     | Found Ohetzeo's General Store.
 33427 | D:15     | Found a staircase to the Depths.
 33470 | D:15     | Killed from afar by a fire giant

Vault maps used:
D:1:      dpeg_arrival_houses_and_road
D:2:      serial_forest, infiniplex_forest_lined_corner,
          infiniplex_forest_straight_2, infiniplex_forest_corner_2,
          infiniplex_forest_clump_medium, infiniplex_forest_side_room,
          infiniplex_forest_clump_double, infiniplex_forest_clump_long,
          infiniplex_forest_lined_2, infiniplex_forest_lined_3, uniq_natasha
D:3:      first_bread, hex_tiny, uniq_sigmund, uniq_robin, uniq_jessica
D:4:      kennysheep_diamond, kennysheep_generic_room_11
D:5:      temple_garden
D:6:      nicolae_ossuary_entry_false_entrances
D:7:      okawaru_humans
D:8:      kennysheep_mini_moat
D:10:     minmay_lair_entry_grove, hangedman_fish_farm, sword_in_stone,
          uniq_erica
D:11:     basic_altar, uniq_josephine
D:12:     david_orc_2, xom_teletrap_fun, uniq_sonja, uniq_maurice
D:13:     lightli_corner_chamber
D:14:     grunt_vaults_entry_fortified, minmay_misc_feat_pillars, serial_shops,
          shop, uniq_azrael
D:15:     grunt_enter_depths_giant_problem, serial_shops, nicolae_shop_stone,
          shop, shop, shop, kennysheep_flooded_box
Temple:   grunt_circular_temple_18
Lair:1:   grunt_megastairs_1, uniq_urug
Lair:2:   beast_lair_carwin_4, grunt_megastairs_4, serial_bayou_shore_a
Lair:3:   ice2_lemuel, infiniplex_staircase_pool
Lair:4:   spider_nest_entry_a, portal_ice_cave_entry_pillars_01,
          nicolae_lair_grove_arrangements
Lair:5:   beast_lair_carwin_large_2
Lair:6:   minmay_swamp_entry_reptiles, cheibrodos_lair_caveside_slide,
          eino_house_with_fridge, grunt_megastairs_2
Lair:7:   slime_dummy
Lair:8:   evil_forest, lightli_volcano_entry_magma_tube, lab_entry_generic,
          lemuel_fruit_tree
Orc:2:    st_orc_congregation, uniq_nessos
Lab:      nicolae_lab_dead_adventurers, nicolae_lab_stuck, nicolae_lab_lava,
          nicolae_lab_do_over, labyrinth_fake_exit, nicolae_lab_plus,
          nicolae_lab_grate, nicolae_lab_grate_2, labyrinth_skeletal_remains,
          lab_block
Ossuary:  ossuary_tomb_2
IceCv:    ice_cave_caverns_01

Action                   |  1- 3 |  4- 6 |  7- 9 | 10-12 | 13-15 | 16-18 || total
-------------------------+-------+-------+-------+-------+-------+-------++-------
Melee: Dagger            |    74 |   125 |   298 |       |       |       ||   497
       Rapier            |       |       |    98 |   675 |  1546 |   270 ||  2589
 Fire: Blowgun           |     3 |    13 |    57 |   110 |    82 |       ||   265
Throw: Throwing net      |       |       |       |     7 |       |       ||     7
       Javelin           |       |       |       |    32 |    21 |       ||    53
 Cast: Ozocubu's Armour  |       |       |       |       |     1 |       ||     1
       Repel Missiles    |       |       |       |       |     1 |       ||     1
       Ensorcelled Hiber |       |       |       |       |     1 |       ||     1
Invok: Potion Petition   |       |       |     1 |     2 |       |       ||     3
       Call Merchant     |       |       |       |     1 |     1 |       ||     2
Evoke: Wand              |       |       |       |    10 |    12 |     3 ||    25
       Sack of spiders   |       |       |       |       |     2 |       ||     2
       Fan of gales      |       |       |       |       |     1 |       ||     1
       Rod               |       |       |       |       |     3 |       ||     3
       Phial of floods   |       |       |       |       |     1 |       ||     1
  Use: Scroll            |     5 |     1 |     8 |    12 |    14 |     1 ||    41
       Potion            |       |       |     7 |    10 |     5 |       ||    22
 Stab: Sleeping          |    10 |    17 |    40 |    33 |    63 |     9 ||   172
       Distracted        |       |     1 |     6 |     8 |    21 |     2 ||    38
       Fleeing           |       |       |       |     1 |       |       ||     1
       Confused          |       |       |       |       |       |     1 ||     1
  Eat: Chunk             |       |     7 |     5 |       |       |       ||    12
       Meat ration       |       |       |     2 |       |     4 |     1 ||     7
       Beef jerky        |       |       |     1 |     1 |     2 |       ||     4
       Fruit             |       |       |       |     4 |       |       ||     4
       Pizza             |       |       |       |     3 |     2 |       ||     5
       Bread ration      |       |       |       |     4 |     4 |       ||     8
       Royal jelly       |       |       |       |     1 |     2 |       ||     3
